AoeStats
← 唉呦我的媽

Black Forest

509220097Analyzed
4v4 RM · 6d ago on Sep 25, 2026· 47m 7s· 8 players
Game mode
Random Map
Map size
Large (8 player)
Population
200
Speed
Normal
Resources
Standard
Victory
Conquest
Starting age
Dark Age
Ending age
Imperial Age
RankedLock teamsTeams togetherTeam positionsShared explorationLock speedFull tech treeHidden civsTurbo modeCheats
Victory
Defeat
🇨🇱 Maya · Chile
998
+14
🇨🇱 Inca · Chile
994
+14
🇨🇱 Mapuche · Chile
980
+14
🇨🇱 Turks · Chile
950
+16
🇺🇸 Franks · United States
987
-30
🇸🇰 Sicilians · Slovakia
957
-26
🇺🇸 Tatars · United States
939
-14
🇹🇼 Burgundians · Taiwan
902
-13
tusic
11:25 Feudal Age
11:56 Double-Bit Axe
16:35 Forging
16:58 Scale Mail Armor
18:50 Horse Collar
24:33 Castle Age
DogMarley15
1:12 Loom
4:54 Loom
13:09 Feudal Age
15:01 Double-Bit Axe
18:09 Castle Age
16:29 Horse Collar
16:47 Stone Mining
16:52 Gold Mining
17:36 Forging
17:44 Padded Archer Armor
17:56 Fletching
19:24 Heavy Plow
19:38 Bow Saw
19:54 Heavy Plow
25:50 Wheelbarrow
25:02 Town Watch
25:29 Bodkin Arrow
27:08 Elite Skirmisher
28:48 Hand Cart
jPorter843
10:42 Feudal Age
11:18 Double-Bit Axe
18:49 Castle Age
32:47 Forging
32:43 Scale Barding Armor
34:24 Iron Casting
35:50 Husbandry
40:44 Imperial Age
38:39 Chain Barding Armor
39:04 Fortified Wall
40:58 Cavalier
43:52 Paladin
唉呦我的媽
13:43 Feudal Age
12:45 Double-Bit Axe
12:44 Horse Collar
15:17 Heavy Plow
15:57 Bow Saw
18:34 Castle Age
17:08 Stone Mining
18:25 Stone Shaft Mining
18:41 Gold Mining
21:41 Wheelbarrow
21:59 Gold Shaft Mining
25:46 Crop Rotation
28:43 Two-Man Saw
28:50 Fervor
29:09 Hand Cart
29:24 Burgundian Vineyards
34:32 Imperial Age
31:51 Town Watch
31:56 Treadmill Crane
32:32 Forging
32:28 Scale Barding Armor
34:22 Iron Casting
34:48 Masonry
35:36 Conscription
36:38 Blast Furnace
36:01 Chain Barding Armor
36:44 Architecture
35:39 Elite Coustillier
38:06 Husbandry
39:02 Plate Barding Armor
39:43 Blast Furnace
38:47 Squires
38:33 Arson
38:09 Man-at-Arms
39:20 Fortified Wall
39:51 Scale Mail Armor
39:40 Long Swordsman
40:55 Two-Handed Swordsman
41:30 Champion
42:30 Chain Mail Armor
Gekyume
2:35 Loom
12:24 Feudal Age
18:48 Castle Age
pipe
13:43 Feudal Age
16:11 Horse Collar
16:16 Double-Bit Axe
18:46 Wheelbarrow
21:03 Castle Age
21:53 Stone Mining
21:53 Gold Mining
23:28 Heavy Plow
24:22 Hand Cart
24:33 Bow Saw
26:42 Gold Shaft Mining
26:43 Stone Shaft Mining
34:56 Imperial Age
35:18 Loom
35:20 Town Watch
35:58 Forging
35:49 Scale Mail Armor
37:08 Crop Rotation
36:01 Elite Kamayuk
36:42 Fabric Shields
37:02 Conscription
37:22 Iron Casting
36:48 Scale Mail Armor
36:51 Town Patrol
38:44 Squires
38:41 Arson
40:16 Blast Furnace
39:35 Chain Mail Armor
Remixi
0:27 Loom
12:40 Feudal Age
16:45 Castle Age
15:34 Double-Bit Axe
21:51 Bow Saw
22:12 Horse Collar
25:10 Gold Mining
26:03 Stone Mining
28:57 Gold Shaft Mining
31:49 Imperial Age
30:37 Wheelbarrow
30:53 Heavy Plow
31:34 Hand Cart
32:58 Town Watch
33:48 Artillery
39:29 Two-Man Saw
38:48 Caravan
40:47 Forging
40:42 Scale Barding Armor
40:51 Bloodlines
40:41 Husbandry
43:03 Conscription
44:44 Iron Casting
44:29 Chain Barding Armor
46:50 Chain Barding Armor
47:30 Blast Furnace
Lerny
11:25 Feudal Age
10:54 Loom
16:24 Castle Age
15:11 Double-Bit Axe
16:45 Horse Collar
25:11 Fletching
25:28 Heavy Plow
26:32 Wheelbarrow
28:58 Ballistics
28:49 Padded Archer Armor
30:57 Bodkin Arrow
36:14 Bow Saw
38:38 Gold Mining
38:40 Stone Mining
41:28 Imperial Age
39:18 Hand Cart
41:29 Thumb Ring
42:03 Squires
42:21 Elite Plumed Archer
43:15 Bracer
43:31 Leather Archer Armor
44:26 Chemistry
45:59 Two-Man Saw
45:31 Crop Rotation
45:34 Ring Archer Armor
47:31 Town Watch
Connection lost

Rejoining the realm…

Still unreachable

The connection could not be restored.

Session expired

The server has moved on; the page needs a fresh start.